[Event "USA Championship 2022"]
[Site "Saint Louis"]
[Date "2022.10.05"]
[Round "1.1"]
[White "Lenderman, Aleksandr"]
[Black "Aronian, Levon"]
[Result "1/2-1/2"]
[ECO "E57"]
[WhiteElo "2535"]
[BlackElo "2755"]
[Annotator "TA"]
[PlyCount "33"]
[EventDate "2022.09.05"]
[EventType "tourn"]
[EventCountry "USA"]
[SourceTitle "playchess.com"]
[Source "ChessBase"]
[SourceQuality "1"]
[TimeControl "40/5400+30:1800+30"]

1. d4 Nf6 2. c4 e6 3. Nc3 Bb4 4. e3 O-O 5. Bd3 c5 6. Nf3 cxd4 7. exd4 d5 8. O-O dxc4 9. Bxc4 b6 10. Re1 Bb7 11. Bd3 Nc6 12. a3 Be7 13. Bc2 {[%emt 0:00:33] [#]} Na5 $146 ({Predecessor:} 13... Rc8 14. Qd3 g6 15. Bh6 Re8 16. Rad1 Nd5 17. Bb3 Na5 18. Ba2 Nxc3 19. bxc3 Bd5 20. Bxd5 Qxd5 21. a4 Nc4 22. Re2 Bf6 23. h4 Red8 24. Ng5 Qf5 25. Qg3 Nd6 26. Rde1 Qd5 27. Qf4 Qf5 28. Qg3 Qd5 29. Qf4 Qf5 30. Qg3 {½-½ (30) Korobov,A (2670)-Karjakin,S (2754) Bucharest 2019}) 14. Ne5 Nc6 15. Nf3 Na5 16. Ne5 Nc6 17. Nf3 1/2-1/2

[Event "USA Championship 2022"]
[Site "Saint Louis"]
[Date "2022.10.05"]
[Round "1.2"]
[White "Sevian, Samuel"]
[Black "Moradiabadi, Elshan"]
[Result "1-0"]
[ECO "E16"]
[WhiteElo "2684"]
[BlackElo "2534"]
[Annotator "TA"]
[PlyCount "121"]
[EventDate "2022.09.05"]
[EventType "tourn"]
[EventCountry "USA"]
[SourceTitle "playchess.com"]
[Source "ChessBase"]
[SourceQuality "1"]
[TimeControl "40/5400+30:1800+30"]

1. d4 Nf6 2. c4 e6 3. Nf3 b6 4. g3 Bb7 5. Bg2 Bb4+ 6. Bd2 a5 7. O-O O-O 8. Bg5 Be7 9. Qc2 Na6 {[%emt 0:06:53] E16: Queen's Indian: 4 g3 Bb7 5 Bg2 Bb4+.} 10. Bxf6 Bxf6 {[%emt 0:00:05] [#]} 11. Ng5 $1 Bxg5 {[%emt 0:00:07] White is slightly better.} 12. Bxb7 Nb4 {[%emt 0:00:42] [#]} 13. Qd1 $146 ({Predecessor:} 13. Qa4 Rb8 14. Bg2 c5 15. dxc5 bxc5 16. Rd1 d6 17. Nc3 Qb6 18. a3 Na6 19. Ne4 {½-½ (48) Schreiner,P (2463)-Stupak,K (2583) Batumi 2018}) 13... Rb8 14. Bg2 c5 15. d5 Bf6 16. Nc3 exd5 17. Nxd5 Nxd5 (17... Bxb2 {feels hotter.} 18. Rb1 Be5 19. Qd2 Re8) 18. Bxd5 b5 19. Rb1 bxc4 20. Qc2 c3 21. bxc3 Qc7 22. Bc4 Qe5 23. Rxb8 Rxb8 24. Rd1 {[%emt 0:00:05] Prevents d5.} Rd8 25. Qa4 Qc7 (25... Qxc3 $2 26. Rxd7 Qe5 27. Bxf7+ Kh8 28. Rxd8+ Bxd8 29. e4 $18) 26. Rd3 {[%emt 0:00:55] White is more active.} (26. Bd5 $16) 26... g6 $14 27. Bd5 Kg7 28. c4 Rb8 {[%emt 0:08:30] [#]} 29. Bxf7 $1 Qc6 30. Qxc6 dxc6 {[%emt 0:00:02][%mdl 4096] Endgame KRB-KRB} 31. Rd7 Rb2 32. Be6+ Kh8 33. Rf7 Bc3 34. Rf8+ Kg7 35. Rf7+ Kh8 $1 36. e3 (36. Rf3 $14 Be5 37. Ra3) 36... Rxa2 $11 37. Rf8+ Kg7 38. Rf7+ Kh8 39. g4 Be1 40. Rf8+ Kg7 41. Rf7+ Kh8 $1 42. f4 Bf2+ 43. Kh1 {[%emt 0:00:00] Threatens to win with f5.} Bxe3 44. g5 {[%emt 0:00:00] Intending Rf8+ and mate.} h6 45. Rf8+ Kh7 (45... Kg7 $5 46. Rf7+ $8 Kh8 $11) 46. Rf7+ Kh8 $1 47. f5 Rf2 $2 (47... hxg5 48. fxg6 Ra1+ 49. Kg2 Ra2+ 50. Kg3 Bf4+ 51. Kg4 Rg2+ 52. Kf5 Rxh2 53. g7+ Kg8 54. Ra7+ Kh7 55. g8=Q+ Kh6 56. Qh8#) (47... Ra1+ $1 $14 48. Kg2 Rg1+ 49. Kf3 Bxg5) 48. Rf8+ (48. fxg6 Rxf7 49. gxf7 Kg7 $11) 48... Kh7 {[%emt 0:00:00] aiming for ...gxf5.} 49. Rf7+ Kh8 $1 50. Ra7 (50. fxg6 Rxf7 51. gxf7 Kg7 $11) 50... gxf5 51. g6 Rf1+ 52. Kg2 Rg1+ 53. Kf3 Rxg6 54. Bf7 ({Worse is} 54. Bxf5 Rf6 $11) 54... Rg4 55. Kxe3 $18 {[%emt 0:00:11] KRB-KR} Rh4 56. Bg6 ({Don't take} 56. Rxa5 $6 Kg7 $16) 56... Rxc4 57. Bxf5 a4 $2 (57... Rh4 58. h3 (58. Rxa5 Rxh2 59. Ra7 Rh4 $16) 58... a4) 58. Be4 Rc3+ {[%emt 0:00:18] [#]} 59. Kf4 $1 Rh3 60. Kf5 {[%emt 0:00:15] White threatens Kg6 and mate.} Kg8 61. Kf6 {[%emt 0:00:11] Weighted Error Value: White=0.14 (very precise) /Black=0.27 (precise)} 1-0

[Event "USA Championship 2022"]
[Site "Saint Louis"]
[Date "2022.10.05"]
[Round "1.3"]
[White "Liang, Awonder"]
[Black "So, Wesley"]
[Result "1/2-1/2"]
[ECO "C47"]
[WhiteElo "2608"]
[BlackElo "2774"]
[Annotator "TA"]
[PlyCount "67"]
[EventDate "2022.09.05"]
[EventType "tourn"]
[EventCountry "USA"]
[SourceTitle "playchess.com"]
[Source "ChessBase"]
[SourceQuality "1"]
[TimeControl "40/5400+30:1800+30"]

1. e4 e5 2. Nf3 Nc6 3. Nc3 Nf6 4. d4 exd4 5. Nxd4 Bb4 6. Nxc6 bxc6 7. Bd3 O-O 8. O-O d5 9. Bd2 Bxc3 {[%emt 0:06:54] C47: Scotch Four Knights and Four Knights with 4 g3.} 10. Bxc3 dxe4 $1 {[%emt 0:00:37][%mdl 4] is recently more successful than 10...Nxe4.} (10... Nxe4 {is more complex.} 11. Bxe4 dxe4 12. Qe2 Qe7) 11. Bxf6 (11. Bc4 {is interesting.} Qd6 12. Re1 Re8 13. Bb3) 11... Qxf6 12. Bxe4 Qxb2 13. Bxc6 Rb8 14. Rb1 Qxb1 15. Qxb1 Rxb1 16. Rxb1 $11 {[%emt 0:00:04][%mdl 4096] Endgame KRB-KRB} Rd8 17. Bf3 Kf8 18. Rb8 Re8 {[%emt 0:07:32][%cal Re8e1] [#]} 19. h4 Ba6 {[%emt 0:04:15] [#]} 20. Rb4 $5 $146 {[%emt 0:05:40][%mdl 8] An interesting novelty.} ({Predecessor:} 20. Rb3 Re5 21. Rc3 Re7 22. Ra3 Re6 23. Bd5 Rb6 24. Bb3 c5 25. Ra4 g6 26. f3 {1-0 (64) Karjakin,S (2743)-Vidit,S (2727) Wijk aan Zee 2022}) 20... Re1+ 21. Kh2 Re5 {[%emt 0:02:16] The position is equal.} 22. Ra4 Be2 23. Kg3 Bxf3 24. Kxf3 {[%emt 0:00:03] KR-KR} Rc5 25. Rxa7 Rc3+ 26. Ke2 Rxc2+ 27. Ke3 h5 28. g3 Ke7 29. a4 g6 30. Ra8 Rc3+ 31. Ke4 Rc2 32. Ke3 Rc3+ 33. Ke4 Rc2 34. Ke3 {[%emt 0:00:05] A balanced but interesting game.  Weighted Error Value: White=0.01 (flawless) /Black=0.00 (flawless)} 1/2-1/2

[Event "USA Championship 2022"]
[Site "Saint Louis"]
[Date "2022.10.05"]
[Round "1.4"]
[White "Yoo, Christopher Woojin"]
[Black "Niemann, Hans Moke"]
[Result "0-1"]
[ECO "D00"]
[WhiteElo "2563"]
[BlackElo "2699"]
[Annotator "TA"]
[PlyCount "108"]
[EventDate "2022.09.05"]
[EventType "tourn"]
[EventCountry "USA"]
[SourceTitle "playchess.com"]
[Source "ChessBase"]
[SourceQuality "1"]
[TimeControl "40/5400+30:1800+30"]

1. d4 Nf6 2. Nc3 d5 3. Bf4 e6 4. Nb5 Na6 5. e3 Be7 6. Nf3 {[%emt 0:00:05] D00: 1 d4 d5: Unusual lines.} O-O 7. Be2 Nh5 $5 {[%emt 0:08:40][%mdl 4] Leaves trodden paths.} 8. Be5 {[%emt 0:02:26] The position is equal.} f6 9. Bg3 c6 10. Nc3 c5 11. O-O (11. Bh4 $5 ) 11... Nxg3 12. hxg3 {[%emt 0:00:04] [#]} c4 $146 ({Predecessor:} 12... f5 13. Ne5 Nb8 14. f4 Nc6 15. Bb5 Nxe5 16. dxe5 a6 17. Be2 b5 18. Bf3 b4 {0-1 (41) Prydun,A (2223)-Oparin,G (2654) Chess.com INT 2021}) 13. e4 Bb4 14. exd5 exd5 15. Nb1 Nc7 16. c3 Bd6 17. Nbd2 b5 18. Ne1 (18. a4 $15) 18... Be6 19. Nc2 Qd7 20. Re1 a5 21. a3 {[%emt 0:06:43] Against b4} g6 22. Nf1 h5 23. Qd2 Kg7 24. f4 Rh8 25. Bf3 f5 26. Re2 (26. Re5 $15) 26... Ne8 $1 $17 27. Rae1 Bf7 28. Re5 Nf6 (28... Bxe5 29. dxe5 Nc7 30. Qf2 $15) 29. Nfe3 h4 (29... Rae8 $142 30. Rxe8 Rxe8) 30. Qf2 h3 ({Of course not} 30... Bxe5 $6 31. dxe5 Nh5 32. Bxh5 hxg3 33. Qxg3 Rxh5 34. Nd4 $15) (30... Nh5 $1 $17 31. gxh4 Nxf4 32. Nxf5+ gxf5 33. Qg3+ Ng6) 31. Re2 (31. gxh3 $11 Rxh3 32. Nxd5 Nxd5 33. Bxd5) 31... Rad8 32. Qe1 (32. gxh3 $2 Rxh3 33. Qg2 Rdh8 34. Rxd5 Nxd5 35. Bxd5 g5 36. Bxf7 Qxf7 $19) (32. Qf1 $15) 32... Ne4 $36 {[%emt 0:00:56][%mdl 2048] Black is on the roll.} 33. g4 Bxe5 {[%emt 0:00:14] Black is more active.} 34. dxe5 hxg2 35. Rxg2 {[%emt 0:03:25] gxf5 is the strong threat.} Rh3 $1 {[%emt 0:00:08] White must now prevent ...Rdh8.} 36. e6 $2 {[%emt 0:00:11] Loses the game.} (36. Bxe4 $17 {keeps fighting.} fxe4 37. Rh2 Rxh2 38. Kxh2) 36... Bxe6 $19 37. gxf5 Bxf5 ({And not} 37... Rxf3 38. Rxg6+ Kf8 39. Qh4 $11) 38. Nxf5+ Qxf5 {[%emt 0:00:04] Dancing on a razor blade.} 39. Nd4 {[%emt 0:00:04] [#]} (39. Bg4 Rdh8 $1 40. Bxh3 Qxh3) 39... Qf6 {[%emt 0:01:43] And now ...Re8 would win.} 40. Bxe4 $2 (40. f5 {was the only defense.} Kh8 41. fxg6) 40... Re8 {[%emt 0:00:39][%cal Bd8e8,Be8e4,Be4h4][%mdl 96] Pin, Zwischenzug} ({Don't go for} 40... dxe4 $2 41. Qxe4 Kh7 42. Rg5 $19) 41. f5 Rxe4 42. Qf2 Reh4 43. Rxg6+ {[%emt 0:00:00] [#]} Qxg6+ $1 44. fxg6 Rh1+ 45. Kg2 R4h2+ 46. Kg3 Rxf2 47. Kxf2 {[%emt 0:00:00][%mdl 4096] Endgame KR-KN} Rh2+ 48. Ke3 Rxb2 49. Kf4 Kxg6 {[%emt 0:00:00] ( -> ...b4)} 50. Ke5 b4 51. axb4 axb4 52. cxb4 c3 53. b5 {[%emt 0:00:00] [#]} Rxb5 $3 54. Nxb5 c2 {[%emt 0:00:00] Weighted Error Value: White=0.76/Black=0.09 (flawless)} 0-1

[Event "USA Championship 2022"]
[Site "Saint Louis"]
[Date "2022.10.05"]
[Round "1.5"]
[White "Xiong, Jeffery"]
[Black "Swiercz, Dariusz"]
[Result "1/2-1/2"]
[ECO "E09"]
[WhiteElo "2690"]
[BlackElo "2652"]
[Annotator "TA"]
[PlyCount "116"]
[EventDate "2022.09.05"]
[EventType "tourn"]
[EventCountry "USA"]
[SourceTitle "playchess.com"]
[Source "ChessBase"]
[SourceQuality "1"]
[TimeControl "40/5400+30:1800+30"]

1. d4 d5 2. c4 c6 3. Nf3 Nf6 4. Qc2 e6 5. g3 Be7 6. Bg2 O-O 7. O-O b6 8. b3 Nbd7 9. Rd1 Ba6 10. Nbd2 b5 {[%emt 0:06:05] 10...c5 is becoming the main line. E09: Closed Catalan: Main Line: 7 Qc2 c6 8 Nbd2.} 11. c5 $1 b4 12. Re1 Bb5 {[%emt 0:25:15] White is slightly better.} 13. a4 bxa3 14. Rxa3 a5 15. Bb2 Qc7 16. Bc3 Ra6 17. e3 Rfa8 18. Rea1 Bd8 {[%emt 0:03:19] [#]} 19. Qd1 $146 ({Predecessor:} 19. h3 Qb7 20. Ne1 Bc7 21. Nd3 e5 22. Nxe5 Nxe5 23. dxe5 {½-½ (98) Donchenko,A (2460)-Pham,M (2466) Nantes 2005}) 19... Qb8 20. R1a2 R8a7 21. Qa1 Qa8 22. Ne1 a4 23. b4 Ne8 24. Bf3 Nc7 25. Bd1 f5 26. Nef3 Nf6 27. Ne5 Ne4 28. Ndf3 Ne8 29. Be1 Bf6 30. Qc1 (30. h4 $14) 30... Ng5 31. Nxg5 Bxg5 32. Bc2 Bf6 33. Nd3 Nc7 34. Nb2 e5 35. Qd1 (35. dxe5 $14 Bxe5 36. Bxf5) 35... e4 36. Bd2 g6 (36... Ne6 $17) 37. Bc1 $11 Bd8 (37... Qf8 {keeps more tension.} 38. Kg2 g5 39. Qh5 Kh8) 38. Nxa4 h5 39. h4 Ne8 40. Bb2 Kf7 41. Qa1 Bc4 42. Nb6 $1 Rxa3 43. Rxa3 (43. Nxa8 $2 {too greedy.} Rxa2 44. Qc1 Rxa8 $19) (43. Bxa3 $2 Bxb6 44. cxb6 Ra6 $19) 43... Rxa3 ({Better is} 43... Bxb6 $14 44. cxb6 Rxa3 45. Qxa3 Qb7) 44. Qxa3 $16 ({Inferior is} 44. Nxa8 Rxa1+ 45. Bxa1 Ke6 $11) ({Weaker is} 44. Bxa3 Bxb6 45. cxb6 Bb5 $11) 44... Qxa3 45. Bxa3 Bb5 46. Na4 Nc7 47. Nc3 Bc4 48. Ba4 Nb5 49. Nxb5 Bxb5 50. Bxb5 cxb5 {[%emt 0:00:08][%mdl 4096] Endgame KB-KB} 51. Kg2 Ke6 52. f3 exf3+ 53. Kxf3 Bc7 54. Bc1 Kd7 55. Ba3 (55. Bd2 $16) 55... Bb8 (55... Ke6 $1 $11 {remains equal.}) 56. Bc1 Bc7 $1 57. Ba3 (57. Bb2 $16) 57... Bb8 (57... Ke6 $11) 58. Bc1 Bc7 $1 {[%emt 0:00:16] Weighted Error Value: White=0.18 (very precise) /Black=0.18 (very precise)} 1/2-1/2

[Event "USA Championship 2022"]
[Site "Saint Louis"]
[Date "2022.10.05"]
[Round "1.6"]
[White "Shankland, Sam"]
[Black "Robson, Ray"]
[Result "1/2-1/2"]
[ECO "C65"]
[WhiteElo "2712"]
[BlackElo "2690"]
[Annotator "TA"]
[PlyCount "70"]
[EventDate "2022.09.05"]
[EventType "tourn"]
[EventCountry "USA"]
[SourceTitle "playchess.com"]
[Source "ChessBase"]
[SourceQuality "1"]
[TimeControl "40/5400+30:1800+30"]

1. e4 e5 2. Nf3 Nc6 3. Bb5 Nf6 4. d3 Bc5 5. Bxc6 dxc6 6. Nbd2 {[%emt 0:00:05] C65: Ruy Lopez: Berlin Defence (3...Nf6), unusual lines and 4 0-0 Bc5.} Be6 7. O-O Nd7 {[%emt 0:00:44] 7...Bd6 deserves study.} 8. Nb3 Bb6 9. Ng5 Bxb3 10. axb3 Qe7 11. Nf3 f6 12. Nd2 O-O-O 13. Nc4 a6 14. Kh1 {[%emt 0:02:11] [#]} g5 $146 ({Predecessor:} 14... Ba7 15. f4 Kb8 16. Bd2 Bd4 17. Bc3 Nb6 18. fxe5 fxe5 19. Nd2 Bxc3 20. bxc3 g6 {½-½ (46) Robson,R (2670)-Batchuluun,T (2571) Ulaanbaatar 2018}) 15. Be3 Kb8 16. Qd2 h5 17. b4 Rhg8 18. Rad1 h4 19. f3 h3 20. g4 ({But not} 20. gxh3 Rh8 $15) 20... Bxe3 21. Nxe3 Nf8 22. Nf5 Qd7 23. c3 Ne6 24. d4 Nf4 25. Qc2 Qe6 26. b3 Rd7 27. Rd2 Rgd8 28. Rfd1 Ng6 29. Kg1 Nf4 30. Kf1 Ng6 31. Kf2 Ne7 32. Ng3 Ng6 33. Nf5 Ne7 34. Ng3 Ng6 35. Nf5 Ne7 {[%emt 0:00:21] Weighted Error Value: White=0.08 (flawless) /Black=0.08 (flawless)} 1/2-1/2

[Event "USA Championship 2022"]
[Site "Saint Louis"]
[Date "2022.10.05"]
[Round "1.7"]
[White "Caruana, Fabiano"]
[Black "Dominguez Perez, Leinier"]
[Result "1/2-1/2"]
[ECO "C67"]
[WhiteElo "2763"]
[BlackElo "2747"]
[Annotator "TA"]
[PlyCount "94"]
[EventDate "2022.09.05"]
[EventType "tourn"]
[EventCountry "USA"]
[SourceTitle "playchess.com"]
[Source "ChessBase"]
[SourceQuality "1"]
[TimeControl "40/5400+30:1800+30"]

1. e4 e5 2. Nf3 Nc6 3. Bb5 Nf6 4. O-O Nxe4 5. d4 Nd6 6. dxe5 Nxb5 7. a4 {[%emt 0:00:18] [#]} Nbd4 {C67: Ruy Lopez: Berlin Defence: 4 0-0 Nxe4.} 8. Nxd4 d5 $1 {[%emt 0:00:29][%mdl 4] is currently scoring better than 8...Nxd4.} 9. Nxc6 bxc6 10. Qd3 Qd7 11. Nd2 a5 {[%emt 0:14:01] [#]} 12. Qe3 $146 ({Predecessor:} 12. Re1 Be7 13. Nf3 Qg4 14. Nd4 Ba6 15. Qd2 Bb7 16. h3 Qh5 17. Qf4 O-O 18. Be3 {0-1 (37) Tregubov,P (2588)-Ganguly,S (2644) Germany 2021}) 12... c5 13. Nb3 Qc6 14. Qc3 Qb6 15. Bd2 Be6 16. Kh1 d4 (16... Be7 $17 17. Nxa5 O-O) 17. Qf3 $15 Ra6 18. Nc1 Be7 19. b3 O-O 20. Nd3 Qc6 21. Qe2 (21. Qxc6 $15 Rxc6 22. Ne1) 21... c4 $17 22. bxc4 Qxc4 23. Rfc1 Bf5 24. Qf3 Bg6 25. h3 Re8 (25... f6 $5 26. Qg3 c5 $15) 26. Nb2 Qe6 27. Nd3 Qc4 28. Nb2 $1 Qc6 29. Qxc6 Rxc6 30. Nd3 {[%emt 0:03:58] Prevents Bb4.} Ra8 31. Ra2 Rc4 32. Rb1 Bf5 33. Rb5 Bd7 34. Rxa5 Rxa5 35. Bxa5 h5 ({But not} 35... Bxa4 36. Bb4 $1 c5 37. Bxc5 $14 (37. Rxa4 cxb4 38. Ra8+ Bf8 $14)) 36. e6 fxe6 37. Ne5 Rxa4 38. Rxa4 Bxa4 {[%emt 0:00:03][%mdl 4096] Endgame KBB-KBN} 39. c3 {[%emt 0:00:00] [#]} c5 ({Better is} 39... dxc3 $1 $17 {White must now prevent ...c2.} 40. Bxc3 g5) 40. cxd4 $1 $11 {[%emt 0:00:56] The position is equal.} Bf6 41. Bc3 cxd4 42. Bxd4 Bxe5 43. Bxe5 {[%emt 0:00:09] KB-KB} g6 44. Kg1 Kf7 45. Kh1 Kg8 46. Kg1 Kf7 47. Kh1 Kg8 {[%emt 0:00:03] Weighted Error Value: White=0.08 (flawless) /Black=0.11 (very precise)} 1/2-1/2

[Event "USA Championship 2022"]
[Site "Saint Louis"]
[Date "2022.10.06"]
[Round "2.1"]
[White "Niemann, Hans Moke"]
[Black "Xiong, Jeffery"]
[Result "1/2-1/2"]
[ECO "C11"]
[WhiteElo "2699"]
[BlackElo "2690"]
[Annotator "TA"]
[PlyCount "85"]
[EventDate "2022.09.05"]
[EventType "tourn"]
[EventCountry "USA"]
[SourceTitle "playchess.com"]
[Source "ChessBase"]
[SourceQuality "1"]
[TimeControl "40/5400+30:1800+30"]

1. e4 e6 2. d4 d5 3. Nc3 Nf6 4. e5 Nfd7 5. f4 c5 6. Nf3 Nc6 7. Be3 cxd4 8. Nxd4 Qb6 {[%emt 0:00:15] now supersedes 8...Bc5.} 9. a3 Bc5 (9... Qxb2 $2 10. Na4 Qxa1 11. Qxa1 $18) 10. Ncb5 {[%emt 0:00:14] C11: French: Classical System: 4 e5 and 4 Bg5 dxe4.} Nxd4 11. Bxd4 {[%emt 0:00:39][%cal Ob5d6] [#] Hoping for Nd6+!} O-O {[%emt 0:00:41] Strongly threatening ...a6.} 12. Bxc5 Nxc5 13. Qd4 f6 14. Be2 fxe5 15. fxe5 Bd7 16. Nd6 {[%emt 0:01:01] [#]} Ba4 $146 ({Predecessor:} 16... Na4 17. O-O-O Rf4 18. Qxb6 axb6 19. Rhf1 Raf8 20. Rxf4 Rxf4 21. Rf1 Rxf1+ 22. Bxf1 Kf8 23. Nxb7 {1-0 (34) Macieja,B (2542)-Gradalski,P (2309) Suwalki 1999}) 17. b3 Be8 18. b4 Ne4 19. Qxb6 axb6 20. Nxe4 dxe4 21. Bc4 Kh8 (21... Rf4 $14) 22. Bxe6 Ba4 23. O-O-O e3 {[%emt 0:00:03] [#]} 24. Rhf1 $1 g6 25. Bg4 (25. Rf6 $16) 25... Rfe8 $1 $14 26. Rd4 ({White should try} 26. Rfe1 $14) 26... Rxe5 $11 27. Be2 Kg7 28. g3 Bc6 29. Kb2 b5 30. Rd3 Rae8 31. Rc3 Rd8 32. Rd3 Rde8 33. Rc3 h5 34. Rd3 Rc8 35. Rc3 Rh8 36. h4 Rc8 37. Rd3 Rce8 38. Rd6 R8e7 39. Rd4 Be4 40. Rfd1 Bc6 41. Rf1 Be4 42. Re1 Bc6 43. Rf1 {[%emt 0:01:39] Weighted Error Value: White=0.06 (flawless) /Black=0.07 (flawless)} 1/2-1/2

[Event "USA Championship 2022"]
[Site "Saint Louis"]
[Date "2022.10.06"]
[Round "2.2"]
[White "Swiercz, Dariusz"]
[Black "Shankland, Sam"]
[Result "1/2-1/2"]
[ECO "D87"]
[WhiteElo "2652"]
[BlackElo "2712"]
[Annotator "TA"]
[PlyCount "92"]
[EventDate "2022.09.05"]
[EventType "tourn"]
[EventCountry "USA"]
[SourceTitle "playchess.com"]
[Source "ChessBase"]
[SourceQuality "1"]
[TimeControl "40/5400+30:1800+30"]

1. d4 {[%emt 0:00:06] Krasenkow,Michal} Nf6 2. c4 g6 3. Nc3 d5 4. cxd5 Nxd5 5. e4 Nxc3 6. bxc3 Bg7 7. Bc4 O-O 8. Ne2 c5 9. O-O Nc6 10. Be3 e6 {[%emt 0:00:05] 10...b6 is a critical line.} 11. dxc5 {[%emt 0:00:34] D87: Exchange Grünfeld: Classical Line: Variations without ...cxd4.} Ne5 {[%emt 0:00:05] [#]} 12. Qxd8 $146 ({Predecessor:} 12. Bb3 Bd7 13. Nd4 Qh4 14. f3 Rfd8 15. Qd2 h6 16. Rfd1 Kh7 17. h3 a6 18. f4 Nc6 {½-½ (86) Naiditsch,A (2676)-McShane,L (2614) Germany 2006 CBM 116 [Krasenkow,Michal]}) 12... Rxd8 13. Rfd1 Bd7 14. Bb3 Bc6 15. f3 Rdc8 16. Nf4 a5 $1 17. a4 Be8 18. Bd4 Nc6 {[%emt 0:10:59][%cal Be5c6,Bc6b8,Bb8d7,Bd7c5,Bc5d3][%mdl 32] Threatens to win with ...e5.} 19. Bxg7 (19. Nxe6 {is interesting.} fxe6 20. Bxe6+ Kh8 21. Bxc8 Rxc8 22. Bxg7+ Kxg7 23. Rab1) 19... Kxg7 20. Nd3 {[%emt 0:00:05] Inhibits Ne5.} Nb8 21. Bc4 Nd7 22. Bb5 Nxc5 23. Bxe8 {[%emt 0:01:11] [#] Hoping for Bb5.} Nxd3 24. Rxd3 Rxe8 $11 {[%emt 0:00:05][%mdl 4096] Endgame KRR-KRR} 25. Rd7 Red8 26. Rxb7 Rac8 27. Rb5 Rxc3 {[%emt 0:01:11] The position is equal.} 28. Rxa5 Rd2 {[%emt 0:00:25] Inhibits Ra2.} 29. Rg5 Rcc2 30. a5 h6 31. Rg3 Ra2 32. Rxa2 Rxa2 {[%emt 0:00:04] KR-KR} 33. f4 Rxa5 34. Re3 Ra2 35. h4 Kf6 36. g3 h5 37. Kf1 e5 38. Re2 Ra3 39. Kg2 Ke6 40. Rb2 exf4 41. gxf4 Ra4 42. Kf3 Ra3+ 43. Kg2 Ra4 44. Kf3 Ra3+ 45. Kg2 Ra4 46. Kf3 Ra3+ {[%emt 0:00:11] An interesting draw.  Weighted Error Value: White=0.03 (flawless) /Black=0.02 (flawless)} 1/2-1/2

[Event "USA Championship 2022"]
[Site "Saint Louis"]
[Date "2022.10.06"]
[Round "2.3"]
[White "Robson, Ray"]
[Black "Caruana, Fabiano"]
[Result "1/2-1/2"]
[ECO "E04"]
[WhiteElo "2690"]
[BlackElo "2763"]
[Annotator "TA"]
[PlyCount "93"]
[EventDate "2022.09.05"]
[EventType "tourn"]
[EventCountry "USA"]
[SourceTitle "playchess.com"]
[Source "ChessBase"]
[SourceQuality "1"]
[TimeControl "40/5400+30:1800+30"]

1. d4 Nf6 2. c4 e6 3. Nf3 d5 4. g3 Bb4+ 5. Nbd2 dxc4 6. Bg2 b5 {[%emt 0:00:16] Against Qa4. E04: Open Catalan: 5 Nf3.} 7. a3 Be7 8. Ne5 (8. b3 $11) 8... Nd5 $1 $15 {[%emt 0:00:44] Black is slightly better.} 9. O-O O-O 10. b3 Bb7 11. bxc4 (11. Qc2 $5 ) 11... Nc3 12. Qe1 Bxg2 13. Kxg2 bxc4 {[%emt 0:00:42] [#]} (13... Qxd4 $2 14. Ndf3 Qe4 15. Qxc3 $18) 14. Ndf3 $146 ({Predecessor:} 14. Ndxc4 Qxd4 15. Be3 Qd5+ 16. f3 Na4 17. Qb1 Nb6 18. Qc2 Nxc4 19. Nxc4 Nd7 20. Rfd1 {0-1 (57) Mikhalevski,V (2562)-Kozak,A (2526) Warsaw 2021}) 14... Ne4 15. Nxc4 Qd5 16. Ne3 Qb7 17. Bd2 Nd7 18. Qb1 Rfb8 19. Qxb7 Rxb7 20. d5 Ndc5 21. dxe6 Nxe6 22. Nc4 Nxd2 23. Nfxd2 Rd8 24. e3 Rb5 25. Rfc1 f5 26. h4 Bf6 27. Rab1 a6 28. a4 Rxb1 29. Rxb1 Nc5 {[%emt 0:00:09] Inhibits Rb7.} 30. a5 Kf7 31. Kf3 Ke6 32. h5 Bc3 33. Ke2 Na4 {[%emt 0:00:10] [#] ...Bxd2 is the strong threat.} 34. Nf3 Bf6 {[%emt 0:00:44] Against Ng5+. Strongly threatening ...Nc3+.} 35. Ke1 Rd5 36. Rb8 Rc5 37. Ncd2 Rxa5 38. Nb3 Rd5 39. Ra8 a5 $1 40. Nfd4+ Bxd4 (40... Kd7 $15) 41. Nxd4+ {[%emt 0:03:42][%mdl 4096] Endgame KRN-KRN. The position is equal.} Ke7 42. Rc8 Rc5 43. Nb3 Rb5 44. Nd4 Rc5 45. Nb3 Rb5 46. Nd4 Rc5 47. Nb3 {[%emt 0:01:07] Weighted Error Value: White=0.08 (flawless) /Black=0.07 (flawless)} 1/2-1/2